 Dungeon Crawl Stone Soup version 0.27-a0-1105-g946c659c87 (webtiles) character file.

Game seed: 17391539789514215983

13 thrall606 the Skirmisher (level 2, -2/24 HPs)
             Began as a Demonspawn Abyssal Knight on Apr 29, 2021.
             Was a Follower of Lugonu.
             Slain by a hobgoblin (3 damage)
             ... on level 1 of the Dungeon.
             The game lasted 00:01:38 (473 turns).

thrall606 the Skirmisher (Demonspawn Abyssal Knight) Turns: 473, Time: 00:01:38

Health: -2/24      AC:  4    Str: 12    XL:     2   Next: 24%
Magic:  3/3        EV: 11    Int: 13    God:    Lugonu [*.....]
Gold:   0          SH:  0    Dex: 12    Spells: 1/1 levels left

rFire    . . .     SeeInvis .   a - +1 falchion
rCold    . . .     Faith    .   (no shield)
rNeg     . . .     Spirit   .   b - +0 leather armour
rPois    .         Reflect  .   (no helmet)
rElec    .         Harm     .   (no cloak)
rCorr    .         Rampage  .   (no gloves)
Will     .....                  f - +0 pair of boots
Stlth    +.........             (no amulet)
HPRegen  0.08/turn              (no ring)
MPRegen  0.08/turn              (no ring)

@: no status effects
A: talons 1
a: Renounce Religion, Depart the Abyss


You were on level 1 of the Dungeon.
You worshipped Lugonu.
Lugonu was aware of your devotion.
You visited 1 branch of the dungeon, and saw 1 of its levels.
You visited the Abyss 1 time.

Inventory:

Hand Weapons
 a - a +1 falchion (weapon)
Armour
 b - a +0 leather armour (worn)
 d - a +0 robe
 f - a +0 pair of boots (worn)
Jewellery
 g - a +4 ring of protection
Scrolls
 c - a scroll of magic mapping {unknown}
Potions
 e - a potion of haste {unknown}


   Skills:
 + Level 3.4 Fighting
 + Level 1.9 Long Blades
 + Level 2.0 Armour
 + Level 0.9 Dodging
 + Level 2.4 Invocations


You had one spell level left.
You didn't know any spells.
Your spell library was empty.

Dungeon Overview and Level Annotations

Branches:
Dungeon (1/15)

Altars:


Innate Abilities, Weirdness & Mutations

You have sharp toenails.


Message History

You hit the goblin.
You kill the goblin!
Lugonu accepts your kill. The quokka misses you.
The endoplasm hits you but does no damage.
You hit the endoplasm but do no damage. The rat bites you.
The quokka bites you. The endoplasm freezes you.
You are frozen.
You completely miss the endoplasm. The rat completely misses you.
The quokka bites you. The endoplasm freezes you.
You are frozen.
The rat bites you but does no damage.
The quokka bites you but does no damage.
You hit the quokka but do no damage. The endoplasm hits you.
The quokka closely misses you. The rat closely misses you.
The quokka bites you. The quokka bites you.
* * * LOW HITPOINT WARNING * * *
You hit the quokka.
The quokka is heavily wounded.
The quokka bites you.
* * * LOW HITPOINT WARNING * * *
The quokka closely misses you.
You riposte.
You hit the quokka.
You kill the quokka!
Lugonu accepts your kill. The endoplasm barely misses you.
The endoplasm closely misses you.
You hit the rat.
You kill the rat!
Lugonu accepts your kill. The endoplasm freezes you.
You are frozen.
* * * LOW HITPOINT WARNING * * *
A hobgoblin comes into view.
The hobgoblin shouts!
The endoplasm hits you.
* * * LOW HITPOINT WARNING * * *
The hobgoblin hits you.
You die...

.............# #.##.P.#
.............####.#P...P
.........##.......##...#
.........##........#.<.#
.#.########........#####
#. ..##........#
#######.##........#
#......##........#
.##....@.##.†......#
......g.J..........#
###......#.#######.#
##.....#.# #.# #.#####.#
#.# #.. #.# #.# #. #.#
#.# #. #.# #.# #.# #.#


You could see an endoplasm and a hobgoblin.

Vanquished Creatures
  A goblin (D:1)
  3 hobgoblins (D:1)
  2 jackals (D:1)
  A quokka (D:1)
  2 bats (D:1)
  2 kobolds (D:1)
  A rat (D:1)
12 creatures vanquished.

Notes
Turn   | Place    | Note
-------+----------+-------------------------------------------
     0 | Abyss:1  | thrall606 the Demonspawn Abyssal Knight began the quest for
                  | the Orb.
     0 | Abyss:1  | Reached XP level 1. HP: 18/18 MP: 2/2
    39 | D:1      | Escaped the Abyss
   358 | D:1      | Gained mutation: You have sharp toenails. [demonic
                  | ancestry]
   358 | D:1      | Reached XP level 2. HP: 23/24 MP: 3/3
   473 | D:1      | HP: 1/24 [endoplasm (2)]
   473 | D:1      | Slain by a hobgoblin

Illustrated notes

Levels and vault maps discovered:
D:1:      minmay_arrival_plants_in_alcoves, layout_basic

Skill      XL: |  1 |
---------------+----+-----
Armour         | 2 |  2.0
Fighting       | |  3.4
Long Blades    | |  1.9
Dodging        | |  0.9
Invocations    | |  2.4

Action                   || total
-------------------------++-------
Melee: Falchion          ||    23
Armor: Leather armour    ||     5
Dodge: Dodged            ||    28
       Rpst.: Falchion   ||     9

Table legend: (Time is in decaauts)
 A = Elapsed time spent in this place.
 B = Non-inter-level travel time spent in this place.
 C = Inter-level travel time spent in this place.
 D = Time resting spent in this place.
 E = Time spent auto-exploring this place.
 F = Levels seen in this place.
 G = Mean time per level.
                   A        B        C        D        E       F      G
               +--------+--------+--------+--------+--------+-----+--------+
         Total |    477 |    477 |      0 |      0 |    342 |   2 |  238.5 |
       Dungeon |    438 |    438 |      0 |      0 |    340 |   1 |  438.0 |
         Abyss |     39 |     39 |      0 |      0 |      2 |   1 |   39.0 |
               +--------+--------+--------+--------+--------+-----+--------+

Top non-repeatable levels by time:
     D:1: 438 daAuts
 Abyss:1: 39 daAuts
